 Dungeon Crawl Stone Soup version 0.31-a0-354-g827e0957a7 (webtiles) character file.

Game seed: 13667145226814645161

436 coffeetime the Grasshopper (level 7, -3/56 HPs)
             Began as a Gnoll Warper on July 24, 2023.
             Slain by a gnoll
             ... wielding a +0 halberd
             ... led by a gnoll sergeant
              (11 damage)
             ... on level 4 of the Dungeon.
             The game lasted 00:07:02 (3103 turns).

coffeetime the Grasshopper (Gnoll Warper)           Turns: 3103, Time: 00:07:03

Health: -3/56      AC:  5    Str: 13    XL:     7   Next: 1%
Magic:  15/15      EV: 11    Int: 12    God:
Gold:   212        SH: 13    Dex: 11    Spells: 15/17 levels left

rFire   . . .        n - +2 whip (elec)
rCold   . . .        w - +0 kite shield
rNeg    . . .        b - +0 leather armour
rPois   .            m - +0 helmet
rElec   .            (no cloak)
rCorr   .            q - +0 pair of gloves
SInv    .            (no boots)
Will    .....        g - amulet of reflection
Stlth   ++           (no ring)
HPRegen 0.29/turn    (no ring)
MPRegen 0.14/turn

%: reflection
@: no status effects
A: fangs 1, strong nose, distributed training
a: no special abilities


You were on level 4 of the Dungeon.
You visited 1 branch of the dungeon, and saw 4 of its levels.

You collected 212 gold pieces.

Inventory:

Hand Weapons
 a - a +0 spear
 n - a +2 whip of electrocution (weapon)
 y - a +6 whip
Missiles
 d - 7 boomerangs of dispersal
 h - 35 stones (quivered)
 A - 4 poisoned darts
Armour
 b - a +0 leather armour (worn)
 m - a +0 helmet (worn)
 q - a +0 pair of gloves (worn)
 w - a +0 kite shield (worn)
Magical Staves
 u - a staff of earth
Jewellery
 g - an amulet of reflection (around neck)
Scrolls
 c - 2 scrolls of blinking
 f - a scroll of torment {unknown}
 j - 2 scrolls of poison {unknown}
 l - 2 scrolls of noise {unknown}
 t - a scroll of identify {unknown}
 x - 4 scrolls of teleportation {unknown}
Potions
 e - 2 potions of lignification {unknown}
 i - a potion of magic {unknown}
 k - a potion of brilliance {unknown}
 o - 2 potions of attraction {unknown}
 p - 4 potions of curing {unknown}
 r - a potion of degeneration {unknown}
 s - 2 potions of enlightenment {unknown}
 v - 2 potions of haste {unknown}
 z - 2 potions of cancellation {unknown}


   Skills:
 + Level 5.1 Fighting
 + Level 2.2 Short Blades
 + Level 2.2 Long Blades
 + Level 2.2 Axes
 + Level 2.2 Maces & Flails
 + Level 5.1 Polearms
 + Level 2.2 Staves
 + Level 2.2 Ranged Weapons
 + Level 3.4 Throwing
 + Level 3.4 Armour
 + Level 5.1 Dodging
 + Level 2.2 Stealth
 + Level 2.2 Shields
 + Level 2.2 Unarmed Combat
 + Level 5.5 Spellcasting
 + Level 1.8 Conjurations
 + Level 1.8 Hexes
 + Level 1.8 Summonings
 + Level 1.8 Necromancy
 + Level 5.7 Translocations
 + Level 1.8 Transmutations
 + Level 1.8 Fire Magic
 + Level 1.8 Ice Magic
 + Level 1.8 Air Magic
 + Level 1.8 Earth Magic
 + Level 1.8 Poison Magic
 + Level 2.5 Invocations
 + Level 2.2 Evocations
 + Level 1.8 Shapeshifting


You had 15 spell levels left.
You knew the following spells:

 Your Spells              Type           Power      Damage    Failure   Level
a - Blink                 Tloc           34%        N/A       13%         2

Your spell library contained the following spells:

 Spells                   Type           Power      Damage    Failure   Level
 Lesser Beckoning         Tloc           34%        N/A       13%         2
 Teleport Other           Tloc           17%        N/A       26%         3
 Vhi's Electric Charge    Tloc/Air       24%        N/A       50%         3
 Sublimation of Blood     Necr           7%         N/A       54%         2
 Wereblood                Tmut           7%         N/A       54%         2
 Manifold Assault         Tloc           17%        N/A       63%         4
 Summon Hydra             Summ           3%         N/A       100%        7


Dungeon Overview and Level Annotations

Branches:
Dungeon (4/15)
 Temple: D:4-7

Altars:
Wu Jian


Innate Abilities, Weirdness & Mutations

You have very sharp teeth.
Your uncanny sense of smell can sniff out nearby items.
Your experience applies equally to all skills.


Message History

You block the gnoll's attack.
The orc throws a boomerang.
You block the boomerang with an invisible shield... and reflect it back!
The boomerang hits the orc.
The gnoll hits you from afar with a +0 halberd!
You are too injured to fight recklessly!
You are too injured to fight recklessly!
You are too injured to fight recklessly!
You hit the gnoll.
The gnoll is almost dead.
The gnoll hits you with a +0 flail!
* * * LOW HITPOINT WARNING * * *
You block the gnoll's attack.
You hit the gnoll.
You kill the gnoll!
The orc throws a boomerang.
You block the boomerang with an invisible shield... and reflect it back!
The boomerang closely misses the orc.
The gnoll closely misses you. The gnoll barely misses you.
You have reached level 7!
The gnoll hits you but does no damage.
You hit the gnoll. You bite the gnoll.
The gnoll is moderately wounded.
You block the gnoll's attack.
You hit the gnoll.
The gnoll is severely wounded.
The orc hits you with a +0 club.
* * * LOW HITPOINT WARNING * * *
The gnoll hits you with a +0 halberd.
* * * LOW HITPOINT WARNING * * *
You barely miss the gnoll.
The gnoll is severely wounded.
The orc completely misses you. The gnoll barely misses you.
You barely miss the gnoll. You bite the gnoll, but do no damage.
The gnoll is severely wounded.
The orc hits you but does no damage. You block the gnoll's attack.
You hit the gnoll.
The gnoll is almost dead.
The orc hits you but does no damage. You block the gnoll's attack.
The orc closely misses you. The gnoll hits you with a +0 halberd!
You die...

#......## #####..........#
.#.....# ##########.#
..††...##############
#....#
.........##.........#
#.####
...#..##)##.........####.#
..##..##.##..............#
#...................######
#..............o)<..#
.......#.......g@...#
>................)..#
.............)......#
............######.##
...............###..#
.#..........##..###.#
.#......o...###)....#
.............########
...................#


You could see a gnoll and an orc.

Vanquished Creatures
  A gnoll sergeant (D:4)
  A scorpion (D:4)
  A howler monkey (D:4)
  A hound (D:4)
  Natasha (thrice) (D:3)
  4 gnolls (D:4)
  5 adders
  2 ufetubi
  6 worms
  2 dart slugs
  6 ball pythons
  7 endoplasms
  3 giant cockroaches
  7 goblins
  6 hobgoblins
  6 kobolds
  2 quokkas (D:3)
  5 bats
  2 frilled lizards
  3 rats
73 creatures vanquished.

Notes
Turn   | Place    | Note
-------+----------+-------------------------------------------
     0 | D:1      | coffeetime the Gnoll Warper began the quest for the Orb.
     0 | D:1      | Reached XP level 1. HP: 20/20 MP: 6/6
    86 | D:1      | Reached XP level 2. HP: 21/26 MP: 7/7
   760 | D:2      | Reached skill level 5 in Spellcasting
   760 | D:2      | Reached XP level 3. HP: 31/31 MP: 7/9
   786 | D:2      | Reached skill level 1 in Invocations
   932 | D:2      | Reached skill level 1 in Short Blades
   932 | D:2      | Reached skill level 1 in Long Blades
   932 | D:2      | Reached skill level 1 in Axes
   932 | D:2      | Reached skill level 1 in Maces & Flails
   932 | D:2      | Reached skill level 1 in Staves
   932 | D:2      | Reached skill level 1 in Ranged Weapons
   932 | D:2      | Reached skill level 1 in Stealth
   932 | D:2      | Reached skill level 1 in Shields
   932 | D:2      | Reached skill level 1 in Unarmed Combat
   932 | D:2      | Reached skill level 1 in Evocations
  1090 | D:2      | Reached XP level 4. HP: 19/38 MP: 11/11
  1565 | D:3      | Learned a level 2 spell: Blink
  1803 | D:3      | Reached skill level 1 in Conjurations
  1803 | D:3      | Reached skill level 1 in Hexes
  1803 | D:3      | Reached skill level 1 in Summonings
  1803 | D:3      | Reached skill level 1 in Necromancy
  1803 | D:3      | Reached skill level 1 in Transmutations
  1803 | D:3      | Reached skill level 1 in Fire Magic
  1803 | D:3      | Reached skill level 1 in Ice Magic
  1803 | D:3      | Reached skill level 1 in Air Magic
  1803 | D:3      | Reached skill level 1 in Earth Magic
  1803 | D:3      | Reached skill level 1 in Poison Magic
  1803 | D:3      | Reached skill level 1 in Shapeshifting
  1998 | D:3      | Noticed Natasha
  2005 | D:3      | Killed Natasha
  2006 | D:3      | Reached XP level 5. HP: 34/43 MP: 12/12
  2172 | D:3      | Noticed Natasha
  2187 | D:3      | Killed Natasha
  2280 | D:3      | Found an ornate altar of the Wu Jian Council.
  2382 | D:3      | Noticed Natasha
  2401 | D:3      | Killed Natasha
  2485 | D:4      | Reached XP level 6. HP: 27/50 MP: 13/13
  2682 | D:4      | Reached skill level 5 in Fighting
  2682 | D:4      | Reached skill level 5 in Polearms
  2682 | D:4      | Reached skill level 5 in Dodging
  3098 | D:4      | Reached XP level 7. HP: 11/56 MP: 15/15
  3103 | D:4      | Slain by a gnoll

Illustrated notes

Levels and vault maps discovered:
D:1:      grunt_arrival_crossed_arrows, layout_loops_ring
D:2:      layout_basic
D:3:      layout_basic, pdpol_wu_jian_five_deadly_venoms, nicolae_wormholes,
          uniq_natasha
D:4:      layout_rooms

Skill      XL: |  1  2  3  4  5  6 |
---------------+-------------------+-----
Spellcasting   | 5 |  5.5
Invocations    | 1 2 |  2.5
Short Blades   | 1 2 |  2.2
Long Blades    | 1 2 |  2.2
Axes           | 1 2 |  2.2
Maces & Flails | 1 2 |  2.2
Staves         | 1 2 |  2.2
Ranged Weapons | 1 2 |  2.2
Stealth        | 1 2 |  2.2
Shields        | 1 2 |  2.2
Unarmed Combat | 1 2 |  2.2
Evocations     | 1 2 |  2.2
Conjurations   | 1 |  1.8
Hexes          | 1 |  1.8
Summonings     | 1 |  1.8
Necromancy     | 1 |  1.8
Transmutations | 1 |  1.8
Fire Magic     | 1 |  1.8
Ice Magic      | 1 |  1.8
Air Magic      | 1 |  1.8
Earth Magic    | 1 |  1.8
Poison Magic   | 1 |  1.8
Shapeshifting  | 1 |  1.8
Throwing       | 3 |  3.4
Armour         | 3 |  3.4
Fighting       | 5 |  5.1
Polearms       | 5 |  5.1
Dodging        | 5 |  5.1
Translocations | |  5.7

Action                     |  1- 3 |  4- 6 |  7- 9 || total
---------------------------+-------+-------+-------++-------
  Melee: Spear             |    56 |       |       ||    56
         Bite              |     8 |    10 |     2 ||    20
         Whip              |    53 |   122 |     5 ||   180
         Punch             |     1 |     1 |       ||     2
  Throw: Stone             |       |     3 |       ||     3
   Stab: Distracted        |       |     1 |       ||     1
         Sleeping          |       |     1 |       ||     1
 Armour: Leather armour    |    22 |    28 |     3 ||    53
  Dodge: Dodged            |    56 |    70 |     3 ||   129
  Block: Other             |    23 |    14 |       ||    37
         Reflection        |     1 |     3 |       ||     4
         Kite shield       |       |    17 |     3 ||    20

Table legend: (Time is in decaauts)
 A = Elapsed time spent in this place.
 B = Non-inter-level travel time spent in this place.
 C = Inter-level travel time spent in this place.
 D = Time resting spent in this place.
 E = Time spent auto-exploring this place.
 F = Levels seen in this place.
 G = Mean time per level.
                   A        B        C        D        E       F      G
               +--------+--------+--------+--------+--------+-----+--------+
         Total |   3121 |   2943 |    178 |    455 |   1816 |   4 |  780.2 |
       Dungeon |   3121 |   2943 |    178 |    455 |   1816 |   4 |  780.2 |
               +--------+--------+--------+--------+--------+-----+--------+

Top non-repeatable levels by time:
     D:3: 1154 daAuts
     D:2: 783 daAuts
     D:1: 695 daAuts
     D:4: 488 daAuts
